 Dungeon Crawl Stone Soup version 0.30-a0-739-gea05faddec (webtiles) character file.

Game seed: 6660465716766176721

394 cheesebisquit the Digger (level 6, -13/38 HPs)
             Began as a Gargoyle Earth Elementalist on Feb 4, 2023.
             Mangled by an orc warrior
             ... wielding a +1 war axe of venom
              (17 damage)
             ... on level 4 of the Dungeon.
             The game lasted 00:11:34 (3275 turns).

cheesebisquit the Digger (GrEE)                     Turns: 3275, Time: 00:11:34

Health: -13/38     AC:  8    Str: 11    XL:     6   Next: 81%
Magic:  6/12       EV: 11    Int: 18    God:
Gold:   91         SH:  0    Dex: 10    Spells: 9/13 levels left

rFire   . . .      SeeInvis .    s - +0 hand axe (flame)
rCold   . . .      Faith    .    (no shield)
rNeg    + . .      Spirit   .    a - +0 robe
rPois   ∞          Reflect  .    m - +1 helmet
rElec   +          Harm     .    (no cloak)
rCorr   .          Rampage  .    (no gloves)
Will    .....                    (no boots)
Stlth   ++                       (no amulet)
HPRegen 0.26/turn                (no ring)
MPRegen 0.13/turn                (no ring)

@: no status effects
A: sickness immunity, AC +4, negative energy resistance 1, electricity
resistance, torment resistance 1, petrification resistance
a: no special abilities


You were on level 4 of the Dungeon.
You visited 1 branch of the dungeon, and saw 4 of its levels.

You collected 179 gold pieces.
You spent 88 gold pieces at shops.

Inventory:

Hand Weapons
 s - a +0 hand axe of flaming (weapon)
Missiles
 o - 5 poisoned darts
 q - 5 curare-tipped darts
Armour
 a - a +0 robe (worn)
 m - a +1 helmet (worn)
Scrolls
 d - 2 scrolls of poison {unknown}
 e - 4 scrolls of identify {unknown}
 f - 4 scrolls of teleportation {unknown}
 j - a scroll of fear {unknown}
 k - a scroll of enchant armour {unknown}
 n - a scroll of blinking {unknown}
 r - a scroll of amnesia {unknown}
Potions
 b - a potion of magic
 c - a potion of curing {unknown}
 i - a potion of might {unknown}
 l - a potion of mutation {unknown}
 p - a potion of haste {unknown}


   Skills:
 + Level 3.8 Fighting
 - Level 1.5 Dodging
 - Level 2.1 Stealth
 + Level 4.0 Spellcasting
 + Level 1.5 Conjurations
 - Level 0.7 Transmutations
 + Level 5.7 Earth Magic


You had 9 spell levels left.
You knew the following spells:

 Your Spells              Type           Power      Damage    Failure   Level
a - Sandblast             Erth           48%        2d12      1%          1
b - Stone Arrow           Conj/Erth      32%        3d9       10%         3

Your spell library contained the following spells:

 Spells                   Type           Power      Damage    Failure   Level
 Passwall                 Tmut/Erth      12%        N/A       6%          2
 Momentum Strike          Conj/Tloc      12%        3d8       16%         2
 Blink                    Tloc           6%         N/A       22%         2
 Lesser Beckoning         Tloc           6%         N/A       22%         2
 Petrify                  Tmut/Erth      15%        N/A       36%         4


Dungeon Overview and Level Annotations

Branches:
Dungeon (4/15)
 Temple: D:4-7

Altars:
Fedhas
Uskayaw

Shops:
D:3 (


Innate Abilities, Weirdness & Mutations

You are immune to sickness and miasma.
Your stone body is resilient. (AC +4)
You are immune to poison.
You resist negative energy. (rN+)
You are resistant to electric shocks. (rElec)
You are resistant to unholy torment.
You are immune to petrification.


Message History

There is a stone staircase leading down here.
You climb downwards.
The orc shouts!
An orc priest comes into view. It is wielding a +0 club.
Found a robe, a scroll labelled UFEFRY DORR and 12 gold pieces.
Found a blossoming altar of Fedhas.
There is a stone staircase leading up here.
An orc warrior comes into view. It is wielding a +1 war axe of venom.
The orc priest shouts!
You hear a shout!
You hear an angry hiss.
The blast of sand hits the orc!
You kill the orc!
The orc warrior shouts!
An orc priest comes into view. It is wielding a +0 hand axe.
The orc priest looks satisfied for a moment.
You can't see any susceptible monsters within range! (Use Z to cast anyway.)
Your line of fire to the orc priest is blocked by a fungus.
Your line of fire to the orc priest is blocked by a fungus.
The blast of sand hits the orc priest!
The orc priest is severely wounded.
The blast of sand hits the orc priest!
You kill the orc priest!
Your Spellcasting skill increases to level 4!
The blast of sand hits the orc warrior but does no damage.
The orc warrior hits you with a +1 war axe of venom!
The orc priest begins to cast a cantrip, but forgets the words!
The orc warrior hits you with a +1 war axe of venom.
The blast of sand hits the orc warrior but does no damage.
The orc warrior closely misses you.
The orc priest hits you but does no damage.
The blast of sand hits the orc warrior but does no damage.
The orc warrior hits you with a +1 war axe of venom!
The orc priest calls down the wrath of Beogh upon you.
Pain shoots through your body!
The orc priest hits you with a +0 hand axe.
The orc warrior hits you with a +1 war axe of venom!
* * * LOW HITPOINT WARNING * * *
The orc priest attacks as you move away!
The orc priest closely misses you.
The orc warrior hits you with a +1 war axe of venom!
You die...

..# #.........).......#
..##......)..........#
..#...#(............#
#..$..#............##
###.....##...........#
###.......###..........#
#...[.....# ##........##
.....P..<.##
........@..###
....?_.oo....#
.......)......#
.....P.........#
...)........###.
#........#### ......####
...### ..#


You could see an orc warrior and an orc priest.

Vanquished Creatures
  2 kobold brigands (D:3)
  A hound (D:3)
  2 orc priests
  7 adders
  2 worms
  3 dart slugs
  5 orcs
  6 ball pythons
  5 bats
  4 endoplasms (D:3)
  7 giant cockroaches
  6 goblins
  10 hobgoblins
  3 jackals (D:3)
  11 kobolds
  A quokka (D:3)
  4 frilled lizards
  7 rats
86 creatures vanquished.

Notes
Turn   | Place    | Note
-------+----------+-------------------------------------------
     0 | D:1      | cheesebisquit the Gargoyle Earth Elementalist began the
                  | quest for the Orb.
     0 | D:1      | Reached XP level 1. HP: 10/10 MP: 3/3
    42 | D:1      | Found a faded altar of an unknown god.
   140 | D:1      | Reached XP level 2. HP: 16/16 MP: 1/5
   196 | D:1      | Reached skill level 1 in Fighting
   416 | D:1      | Reached skill level 4 in Earth Magic
   585 | D:1      | Reached XP level 3. HP: 20/20 MP: 4/6
  1011 | D:2      | Reached XP level 4. HP: 26/26 MP: 2/8
  1567 | D:2      | Learned a level 3 spell: Stone Arrow
  2141 | D:3      | Reached XP level 5. HP: 31/31 MP: 3/9
  2152 | D:3      | Noticed a kobold brigand
  2191 | D:3      | Killed a kobold brigand
  2192 | D:3      | Reached skill level 5 in Earth Magic
  2341 | D:3      | Found Weqyfrig's Weapon Boutique.
  2404 | D:3      | Reached XP level 6. HP: 37/37 MP: 8/11
  2472 | D:3      | Found a hide-covered altar of Uskayaw.
  2901 | D:3      | Reached skill level 1 in Conjurations
  3103 | D:3      | Bought a +0 hand axe of flaming for 88 gold pieces
  3265 | D:4      | Found a blossoming altar of Fedhas.
  3266 | D:4      | Noticed an orc warrior
  3275 | D:4      | Mangled by an orc warrior

Illustrated notes

Levels and vault maps discovered:
D:1:      scummos_arrival_forest, layout_rooms,
          shapermc_ecumenical_altar_acropolis, minmay_pentomino_x2
D:2:      layout_loops_ring
D:3:      cheibrodos_thug_alley, layout_basic, nicolae_overflow_crystal_walls,
          serial_shops, nicolae_shop_window_shopping
D:4:      kennysheep_big_flooded_room, layout_cave_pods,
          mainiacjoe_overflow_tiny_flanked

Skill      XL: |  1  2  3  4  5  6 |
---------------+-------------------+-----
Fighting       | 1 2 3 |  3.8
Earth Magic    | 4 5 |  5.7
Spellcasting   | 3 4 |  4.0
Conjurations   | 1 |  1.5
Dodging        | |  1.5
Stealth        | |  2.1
Transmutations | |  0.7

Action                     |  1- 3 |  4- 6 || total
---------------------------+-------+-------++-------
  Melee: Dagger            |     1 |     1 ||     2
         Short sword       |     1 |       ||     1
  Throw: Dart              |       |     1 ||     1
   Cast: Sandblast         |    48 |    84 ||   132
 Armour: Robe              |     6 |    18 ||    24
  Dodge: Dodged            |    11 |    17 ||    28

Table legend: (Time is in decaauts)
 A = Elapsed time spent in this place.
 B = Non-inter-level travel time spent in this place.
 C = Inter-level travel time spent in this place.
 D = Time resting spent in this place.
 E = Time spent auto-exploring this place.
 F = Levels seen in this place.
 G = Mean time per level.
                   A        B        C        D        E       F      G
               +--------+--------+--------+--------+--------+-----+--------+
         Total |   3339 |   2949 |    390 |     60 |   2381 |   4 |  834.8 |
       Dungeon |   3339 |   2949 |    390 |     60 |   2381 |   4 |  834.8 |
               +--------+--------+--------+--------+--------+-----+--------+

Top non-repeatable levels by time:
     D:3: 1427 daAuts
     D:2: 1070 daAuts
     D:1: 806 daAuts
     D:4: 35 daAuts
